Map: King Sejong Station LE

Players

Elazer - Winner!

  • Race: Zerg Zerg

Solar

  • Race: Zerg Zerg

Event: 2016 WCS Global Finals

VOD

Have the link to the VOD?

Description

Time

  • Played on: Oct. 28, 2016, 2:43 p.m.
  • Length: 10:37

All games in this series

Show
View Real Time Build Order
Export as new Build Order

Elazer Zerg - Winner!

Build Orders: Hatch First 

Get SALT Encoding   

  12  0:00  Drone  
  13  0:12  Overlord  
  13  0:16  Drone  
  14  0:30  Drone x2  
  14  0:34  Drone  
  17  0:51  Hatchery  
  17  0:53  Drone  
  17  0:56  Drone  
  18  1:07  Extractor  
  18  1:11  Spawning Pool  
  16  1:14  Drone  
  16  1:18  Drone  
  18  1:27  Drone  
  19  1:38  Overlord  
  19  1:50  Drone  
  20  1:57  Queen  
  20  2:00  Drone  
  23  2:03  Zergling x2, Queen  
  23  2:06  Metabolic Boost  
  26  2:10  Drone  
  28  2:15  Drone  
  28  2:22  Drone  
  29  2:27  Zergling x2  
  30  2:33  Hatchery  
  29  2:38  Drone  
  29  2:43  Queen  
  32  2:47  Overlord  
  32  2:49  Drone  
  33  2:54  Drone  
  33  2:55  Drone  
  36  3:05  Drone  
  36  3:07  Zergling x4  
  36  3:10  Zergling x6  
  36  3:12  Zergling x2  
  42  3:13  Zergling x2  
  42  3:19  Roach Warren  
  42  3:28  Overlord  
  42  3:29  Drone  
  42  3:32  Extractor  
  42  3:37  Overlord  
  42  3:47  Zergling x6  
  40  4:00  Roach x7  
  54  4:07  Roach  
  56  4:10  Roach  
  56  4:13  Zergling x4  
  56  4:15  Roach  
  60  4:25  Roach x2  
  60  4:30  Roach  
  64  4:32  Roach  
  64  4:37  Overlord  
  65  4:52  Overlord  
  65  4:56  Zergling x2  
  65  4:57  Zergling x12  
  72  5:02  Zergling x2  
  72  5:03  Zergling x2  
  74  5:10  Overlord  
  74  5:18  Zergling x8  
  76  5:24  Ravager x2  
  76  5:25  Ravager  
  76  5:26  Zergling x2  
  76  5:27  Zergling x2  
  79  5:29  Ravager  
  79  5:34  Zergling x6  
  79  5:47  Zergling x10  
  79  5:49  Zergling x2  
  76  5:52  Ravager  
  76  5:53  Zergling x2  
  76  5:55  Zergling x2  
  75  6:00  Zergling x4  
  74  6:05  Zergling x4  
  74  6:07  Zergling x2  
  74  6:11  Zergling x2  
  73  6:12  Zergling x2  
  73  6:14  Ravager  
  64  6:21  Zergling x4  
  64  6:25  Roach x2  
  56  6:30  Roach  
  49  6:34  Roach  
  49  6:37  Roach  
  52  6:43  Drone x2  
  52  6:44  Drone  
  52  6:46  Drone  
  56  6:50  Drone  
  56  6:51  Drone  
  56  6:53  Drone  
  59  6:59  Drone x2  
  60  7:02  Drone x2  
  60  7:04  Drone  
  60  7:08  Drone x2  
  57  7:10  Drone  
  57  7:11  Drone  
  57  7:15  Evolution Chamber  
  56  7:25  Overlord  
  56  7:27  Queen  
  56  7:28  Extractor  
  57  7:30  Drone x2  
  57  7:31  Roach  
  57  7:34  Roach  
  63  7:38  Roach  
  63  7:39  Roach  
  63  7:42  Zerg Missile Weapons Level 1  
  67  7:45  Roach  
  67  7:49  Roach  
  71  7:52  Roach  
  71  7:53  Roach  
  71  7:56  Overlord  
  75  7:58  Roach  
  75  8:03  Roach x2  
  81  8:06  Roach x2  
  81  8:11  Roach x2  
  89  8:14  Roach  
  89  8:17  Roach x2  
  95  8:22  Overlord  
  95  8:25  Overlord  
  95  8:26  Roach  
  97  8:29  Roach  
  97  8:32  Roach  
  97  8:33  Roach  
  103  8:36  Roach  
  103  8:40  Overlord  
  105  8:42  Roach x2  
  105  8:48  Roach x2  
  113  8:51  Roach  
  113  8:53  Roach  
  117  8:58  Zergling x6  
  117  9:00  Zergling x4  
  122  9:08  Zergling x10  
  127  9:11  Ravager x3  
  127  9:16  Overlord  
  130  9:17  Overlord  
  130  9:23  Overlord  
  127  9:36  Zergling x12  
  127  9:37  Zergling x6  
  128  9:44  Zergling x2  
  128  9:45  Zergling x8, Ravager x2  
  125  9:46  Ravager  
  125  9:52  Zergling x8  
  124  9:58  Overlord  
  124  9:59  Zergling x4  
  124  10:01  Ravager  
  124  10:04  Zergling x4  
  126  10:14  Zergling x6  
  126  10:15  Zergling x6  
  126  10:16  Ravager  
Show
View Real Time Build Order
Export as new Build Order

Solar Zerg 

Build Orders: Hatch First 

Get SALT Encoding   

  12  0:02  Drone  
  13  0:13  Overlord  
  13  0:17  Drone  
  14  0:31  Drone x2  
  14  0:35  Drone  
  17  0:51  Hatchery  
  17  0:54  Drone  
  17  0:57  Drone  
  18  1:05  Extractor  
  17  1:13  Spawning Pool  
  17  1:15  Drone  
  17  1:19  Drone  
  18  1:29  Drone  
  19  1:39  Overlord  
  19  1:57  Drone  
  19  1:59  Queen  
  19  2:01  Zergling x2  
  23  2:03  Queen  
  23  2:04  Zergling x2  
  23  2:06  Metabolic Boost  
  26  2:11  Drone  
  26  2:13  Drone  
  28  2:22  Drone  
  29  2:25  Drone  
  30  2:36  Hatchery  
  29  2:38  Drone  
  29  2:41  Drone  
  29  2:43  Drone  
  32  2:47  Overlord  
  32  2:55  Drone  
  33  3:04  Overlord  
  33  3:11  Zergling x14  
  40  3:13  Zergling x2  
  41  3:20  Roach Warren  
  41  3:22  Zergling x2  
  41  3:24  Zergling x2  
  41  3:29  Drone  
  41  3:31  Drone  
  43  3:40  Overlord  
  43  3:43  Zergling x8  
  43  3:47  Overlord  
  44  3:51  Drone  
  44  4:02  Overlord  
  44  4:07  Roach x4  
  44  4:09  Roach  
  54  4:13  Roach  
  56  4:18  Roach x2  
  56  4:22  Drone x2  
  62  4:25  Drone  
  62  4:27  Drone  
  62  4:29  Drone  
  63  4:32  Drone x2  
  63  4:33  Zergling x2  
  63  4:37  Roach  
  68  4:40  Roach  
  68  4:43  Zergling x2  
  71  4:46  Extractor  
  71  4:50  Zergling x4  
  71  4:59  Zergling x6  
  73  5:01  Zergling x2, Overlord  
  73  5:02  Zergling x6  
  73  5:04  Zergling x4  
  79  5:08  Roach  
  79  5:13  Overlord  
  81  5:14  Zergling x2  
  81  5:18  Overlord  
  79  5:22  Zergling x2  
  79  5:25  Queen  
  79  5:28  Zergling x4  
  82  5:30  Roach x2  
  82  5:33  Ravager x2  
  88  5:36  Zergling x6  
  88  5:41  Zergling x6  
  89  5:45  Zergling x2  
  89  5:48  Zergling x2  
  89  5:49  Zergling x2  
  74  5:53  Roach  
  68  5:59  Roach  
  68  6:00  Zergling x10  
  68  6:01  Zergling x2  
  69  6:05  Zergling x4  
  69  6:10  Zergling x2  
  57  6:15  Roach  
  57  6:16  Zergling x2  
  48  6:18  Zergling x2  
  48  6:23  Zergling x2  
  42  6:27  Zergling x2  
  42  6:29  Drone  
  42  6:31  Drone  
  41  6:35  Drone  
  41  6:44  Queen  
  41  6:46  Drone  
  44  6:51  Zergling x4  
  44  6:52  Zergling x2  
  47  6:59  Queen  
  47  7:01  Drone  
  47  7:03  Ravager  
  47  7:07  Drone x2  
  47  7:11  Drone  
  47  7:12  Drone  
  47  7:14  Drone  
  49  7:17  Drone  
  49  7:19  Drone  
  49  7:22  Drone  
  52  7:24  Drone  
  52  7:29  Drone x2  
  55  7:30  Drone  
  55  7:35  Drone x2  
  58  7:40  Roach  
  58  7:43  Roach  
  62  7:49  Drone x2  
  62  7:50  Drone x2  
  66  7:54  Drone  
  66  7:55  Drone x2  
  68  7:59  Drone x2  
  68  8:02  Roach  
  72  8:06  Roach  
  72  8:07  Roach  
  72  8:11  Roach x2  
  80  8:14  Overlord  
  80  8:20  Roach x2  
  80  8:21  Roach  
  80  8:25  Overlord  
  86  8:29  Overlord  
  86  8:30  Zergling x2  
  86  8:31  Zergling x4  
  89  8:35  Zergling x2  
  89  8:36  Zergling x4  
  89  8:38  Zergling x2  
  89  8:39  Zergling x2  
  94  8:42  Zergling x6  
  94  8:43  Zergling x2  
  94  8:46  Zergling x2  
  94  8:48  Zergling x4  
  101  8:50  Zergling x2  
  101  8:53  Ravager  
  101  8:54  Ravager, Overlord  
  104  8:58  Overlord  
  104  9:00  Zergling x6  
  108  9:03  Ravager  
  108  9:06  Zergling x4  
  108  9:08  Overlord  
  108  9:09  Zergling x2  
  111  9:14  Zergling x6  
  111  9:16  Zergling x8  
  118  9:18  Ravager  
  118  9:21  Zergling x2  
  120  9:26  Ravager  
  120  9:28  Zergling x2  
  120  9:29  Zergling x2  
  122  9:33  Zergling x6  
  122  9:34  Zergling x4  
  113  9:40  Zergling x6  
  113  9:45  Zergling x6  
  87  9:55  Roach x5  
  91  10:02  Roach  
  91  10:06  Roach x2  
  95  10:09  Roach x2  
  95  10:10  Roach  
  95  10:13  Roach  
Tags
 
Add a new tag
Caveats
  • Supply blocks, unpowered buildings, or Contaminate may cause inaccurate times.
  • Supply counts are checked every 10 seconds.